 Dungeon Crawl Stone Soup version 0.25.1-2-g60ff931df9 (webtiles) character file.

Game seed: 12197731274659017932

9 growler the Chiller (level 2, -2/19 HPs)
             Began as a Vampire Ice Elementalist on Oct 8, 2020.
             Slain by a hobgoblin
             ... wielding a +0 club
              (6 damage)
             ... on level 1 of the Dungeon.
             The game lasted 00:01:00 (182 turns).

growler the Chiller (Vampire Ice Elementalist)       Turns: 182, Time: 00:01:00

Health: -2/19      AC:  2    Str:  7    XL:     2   Next: 6%
Magic:  0/5        EV: 12    Int: 17    God:
Gold:   7          SH:  0    Dex: 14    Spells: 4/5 levels left

rFire    . . .     SeeInvis +   (no weapon)
rCold    . . .     Gourm    .   (no shield)
rNeg     . . .     Faith    .   a - +0 robe
rPois    .         Spirit   .   (no helmet)
rElec    .         Reflect  .   (no cloak)
rCorr    .         Harm     .   (no gloves)
MR       .....                  (no boots)
Stlth    ++........             (no amulet)
HPRegen  0.26/turn              (no ring)
MPRegen  0.09/turn              (no ring)

@: regenerating quickly
A: no food, fangs 3, see invisible, unbreathing
a: Exsanguinate


You were on level 1 of the Dungeon.
You were alive.

You visited 1 branch of the dungeon, and saw 1 of its levels.

You collected 7 gold pieces.

Inventory:

Armour
 a - a +0 robe (worn)
Scrolls
 b - a scroll of random uselessness {unknown}
 c - a scroll of identify {unknown}
 d - a scroll of remove curse {unknown}
 e - a scroll of fog {unknown}
 f - a scroll of magic mapping {unknown}


   Skills:
 - Level 2.1 Dodging
 - Level 3.0 Stealth
 - Level 2.0 Spellcasting
 + Level 4.5 Ice Magic


You had 4 spell levels left.
You knew the following spells:

 Your Spells              Type           Power        Failure   Level  Hunger
a - Freeze                Ice            ###.         3%          1    N/A

Your spell library contained the following spells:

 Spells                   Type           Power        Failure   Level  Hunger
 Frozen Ramparts          Ice            ###...       9%          3    N/A
 Ozocubu's Armour         Chrm/Ice       #.......     22%         3    N/A
 Hailstorm                Conj/Ice       #.......     58%         4    N/A
 Summon Ice Beast         Ice/Summ       #.......     58%         4    N/A

Dungeon Overview and Level Annotations

Branches:
Dungeon (1/15)

Altars:


Innate Abilities, Weirdness & Mutations

You do not eat.
Your natural rate of healing is unusually fast.
You have razor-sharp teeth.
You have supernaturally acute eyesight. (SInv)
You can survive without breathing.


Message History

Aim: a goblin, wielding a +0 club (moderately wounded)
You freeze the goblin.
You kill the goblin!
Things that are here:
a +0 club; a goblin corpse A hobgoblin comes into view.
It is wielding a +0 club.
A hobgoblin is nearby!
An ooze comes into view.
Found a scroll labeled ASIASHR MIDGH.
A bat and a hobgoblin come into view.
The hobgoblin shouts! x2; You hear a shout!
You hear an angry hiss.
The hobgoblin hits you with a +0 club. The bat hits you but does no damage.
The bat hits you.
Aim: a bat You freeze the bat.
You kill the bat!
Aim: a hobgoblin, wielding a +0 club You freeze the hobgoblin.
The hobgoblin barely misses you.
Aim: a hobgoblin, wielding a +0 club (almost dead)
You freeze the hobgoblin!
You kill the hobgoblin!
The ooze jiggles.
A goblin comes into view.
The goblin hits you but does no damage. The goblin closely misses you.
The ooze hits you.
Aim: an ooze You freeze the ooze.
The ooze hits you.
Aim: an ooze (moderately wounded)
You freeze the ooze! The ooze hits you.
Aim: an ooze (almost dead)
You freeze the ooze.
You kill the ooze!
You have reached level 2!
You closely miss the goblin. The goblin hits you.
The hobgoblin barely misses you.
You barely miss the goblin. Your bite misses the goblin.
The goblin closely misses you. The hobgoblin closely misses you.
You hit the goblin. The goblin closely misses you.
The hobgoblin barely misses you.
You barely miss the goblin. The goblin misses you.
The hobgoblin hits you but does no damage.
You closely miss the goblin. Your bite misses the goblin.
The goblin barely misses you. The hobgoblin hits you with a +0 club.
* * * LOW HITPOINT WARNING * * *
You hit the goblin but do no damage. The goblin hits you.
* * * LOW HITPOINT WARNING * * *
The hobgoblin hits you with a +0 club.
You die...

#.P≈≈≈≈≈≈≈≈.....≈≈≈≈≈
#............<.......
#.P≈≈≈≈≈≈≈≈.....≈≈≈≈≈
#.≈≈≈≈≈≈≈≈≈≈...≈≈≈≈≈≈
#.≈≈≈≈≈≈≈≈≈≈...≈≈≈≈≈≈
#.P≈≈≈≈≈≈≈≈P...P≈≈≈≈≈
#...g................
####.########..######
#.g@g......##
#.###......#
#.###..###.##
#.##.....#..# P
#.##.###.#..♣ ...
#..g...#..).♣♣P....
#..###.#.#.......⌠.
#.... ...#.#♣♣P....
#.###.#.###.# P...


You could see a hobgoblin and a goblin.

Vanquished Creatures
  An ooze (D:1)
  A goblin (D:1)
  A hobgoblin (D:1)
  2 bats (D:1)
  A frilled lizard (D:1)
6 creatures vanquished.

Notes
Turn   | Place    | Note
-------+----------+-------------------------------------------
     0 | D:1      | growler the Vampire Ice Elementalist began the quest for
                  | the Orb.
     0 | D:1      | Reached XP level 1. HP: 13/13 MP: 3/3
   176 | D:1      | Reached XP level 2. HP: 10/19 MP: 0/5
   182 | D:1      | Slain by a hobgoblin

Illustrated notes

Levels and vault maps discovered:
D:1:      giann_bridges, layout_basic, serial_forest,
          infiniplex_forest_fountain, infiniplex_forest_lined_3_way,
          infiniplex_forest_straight_5, infiniplex_forest_lined_room_2,
          infiniplex_forest_end_2, infiniplex_forest_corner_1,
          infiniplex_forest_zigzag_2, infiniplex_forest_end_1,
          hangedman_abyss_or_decor_stabs, evilmike_ruin_ashenzari

Action                   || total
-------------------------++-------
Melee: Unarmed           ||     6
 Cast: Freeze            ||    10
Armor: Robe              ||     2
Dodge: Dodged            ||    10
